 Seeded DCSS version 0.30-a0-305-g026cb31310 (webtiles) character file.

Game seed: 17790380096243088950 (custom seed)

40 purpskrrrp the Ruffian (level 3, -1/36 HPs)
             Began as a Troll Delver on Oct 22, 2022.
             Was an Initiate of Hepliaklqana.
             Killed from afar by an orc wizard (10 damage)
             ... with a puff of flame
             ... on level 5 of the Dungeon.
             The game lasted 00:01:30 (191 turns).

purpskrrrp the Ruffian (Troll Delver)                Turns: 191, Time: 00:01:31

Health: -1/36      AC:  4    Str: 22    XL:     3   Next: 30%
Magic:  2/2        EV:  9    Int:  6    God:    Hepliaklqana [......]
Gold:   21         SH:  0    Dex: 11    Spells: 2/2 levels left

rFire   . . .      SeeInvis .      - Unarmed
rCold   . . .      Faith    .    (no shield)
rNeg    . . .      Spirit   .    a - +0 robe
rPois   .          Reflect  .    (helmet restricted)
rElec   .          Harm     .    (no cloak)
rCorr   .          Rampage  .    (gloves unavailable)
Will    .....                    (boots unavailable)
Stlth   ++........               (no amulet)
HPRegen 1.06/turn                (no ring)
MPRegen 0.08/turn                (no ring)

@: no status effects
A: large, unfitting armour, claws 3, regeneration 1, shaggy fur 1, tough skin 1
a: Renounce Religion


You were on level 5 of the Dungeon.
You worshipped Hepliaklqana.
Hepliaklqana was noncommittal.
You visited 1 branch of the dungeon, and saw 1 of its levels.

You collected 21 gold pieces.

Inventory:

Armour
 a - a +0 robe (worn)
Wands
 f - a wand of digging (3)
Scrolls
 b - a scroll of fog
 c - a scroll of magic mapping
Potions
 e - a potion of haste


   Skills:
 - Level 2.4 Fighting
 - Level 1.5 Dodging
 - Level 2.7 Stealth
 + Level 3.8 Unarmed Combat


You had 2 spell levels left.
You didn't know any spells.
Your spell library was empty.

Dungeon Overview and Level Annotations

Branches:
Dungeon (5/15)
 Temple: D:4-7

Altars:
Hepliaklqana


Innate Abilities, Weirdness & Mutations

You are too large for most types of armour.
You have claws for hands.
Your natural rate of healing is unusually fast.
You are covered in fur. (AC +1)
You have tough skin. (AC +1)


Message History

The orc wizard casts a spell.
The orc wizard flickers and vanishes!
The orc wizard casts a spell at you.
You are confused.
Something hits you.
* * * LOW HITPOINT WARNING * * *
You are more poisoned.
You miss something.
You feel very sick. The orc wizard completely misses you. Something hits you.
* * * LOW HITPOINT WARNING * * *
You are lethally poisoned!
It was a potion of curing.
You feel better.
The orc wizard hits you with a +0 dagger.
* * * LOW HITPOINT WARNING * * *
Something hits you but does no damage.
You are poisoned.
You completely miss the orc wizard.
The orc wizard is lightly wounded.
You feel sick.
The orc wizard hits you but does no damage.
Something hits you.
* * * LOW HITPOINT WARNING * * *
As you read the scroll of fear, it crumbles to dust.
You assume a fearsome visage.
The orc wizard looks frightened!
You feel sick.
The orc wizard casts a spell.
The orc wizard flickers and vanishes!
You feel sick.
You feel sick.
You feel sick.
You feel sick.
You are no longer poisoned.
Something hits you.
* * * LOW HITPOINT WARNING * * *
Something hits you.
* * * LOW HITPOINT WARNING * * *
You hear some strange, mumbled words.
A puff of flame appears from out of thin air!
The puff of flame hits you!
You die...

###### #######
##....######.....#######
##.......#...###@......#
.........#...#o#.{.....#
.........#.###.###.......
.........#.#..:..#.......
...........#'#.###.......
.....###.....#.#.......#.
.............###...#.....
...............)...#.....
.........................


You could see an orc wizard.

Vanquished Creatures
  A hound (D:5)
  2 ufetubi (D:5)
  A quokka (D:5)
4 creatures vanquished.

Notes
Turn   | Place    | Note
-------+----------+-------------------------------------------
     0 | D:5      | purpskrrrp the Troll Delver began the quest for the Orb.
     0 | D:5      | Reached XP level 1. HP: 22/22 MP: 0/0
    10 | D:5      | Noticed a hound
    26 | D:5      | Killed a hound
    27 | D:5      | Reached skill level 3 in Unarmed Combat
    27 | D:5      | Reached XP level 2. HP: 22/29 MP: 1/1
    27 | D:5      | Reached XP level 3. HP: 27/36 MP: 2/2
    39 | D:5      | Found a hazy altar of Hepliaklqana.
    55 | D:5      | Became a worshipper of Hepliaklqana the Forgotten
   191 | D:5      | Killed from afar by an orc wizard

Illustrated notes

Levels and vault maps discovered:
D:5:      layout_basic, lemuel_doored_altar, nicolae_hepliaklqana_hazy_memory,
          minmay_a_box_with_orc_wizards_in_it

Skill      XL: |  1 |
---------------+----+-----
Unarmed Combat | 3 |  3.8
Fighting       | |  2.4
Dodging        | |  1.5
Stealth        | |  2.7

Action                   || total
-------------------------++-------
Melee: Unarmed           ||    29
       Punch             ||     2
  Use: Scroll            ||     1
       Potion            ||     1
 Stab: Sleeping          ||     1
Armor: Robe              ||    10
Dodge: Dodged            ||    16

Table legend: (Time is in decaauts)
 A = Elapsed time spent in this place.
 B = Non-inter-level travel time spent in this place.
 C = Inter-level travel time spent in this place.
 D = Time resting spent in this place.
 E = Time spent auto-exploring this place.
 F = Levels seen in this place.
 G = Mean time per level.
                   A        B        C        D        E       F      G
               +--------+--------+--------+--------+--------+-----+--------+
         Total |    189 |    189 |      0 |      2 |     41 |   1 |  189.0 |
       Dungeon |    189 |    189 |      0 |      2 |     41 |   1 |  189.0 |
               +--------+--------+--------+--------+--------+-----+--------+

Top non-repeatable levels by time:
     D:5: 189 daAuts
